[Event "Team 45 45 League T31"]
[Site "Internet Chess Club"]
[Date "2006.07.20"]
[Round "5"]
[White "Prop"]
[Black "Renato77"]
[Result "0-1"]
[WhiteElo "1169"]
[BlackElo "1158"]
[TimeControl "2700+45"]

1. e4 c5 2. Nf3 Nc6 3. Bc4 e6 4. O-O d5 5. exd5 exd5 6. Be2 Nf6 7. Re1 Be7 8.
Bb5 Bd7 9. d4 O-O 10. dxc5 Bxc5 11. Bg5 Qb6 12. Bxf6 Bxf2+ 13. Kh1 Bxe1 14. Bxc6
Bxc6 15. Bd4 Qb5 16. Qxe1 Rfe8 17. Qf2 Qc4 18. Na3 Qb4 19. c3 Qd6 20. Nc2 Bb5
21. Bxa7 Re2 22. Bc5 Qg6 23. Qg3 Qxc2 24. Bd4 f6 25. h3 Rf8 26. Bc5 Rfe8 27. Nd4
Qxb2 28. Nxe2 Qxa1+ 29. Kh2 Bxe2 30. h4 Rc8 31. Be7 Qf1 32. Bxf6 Qxf6 33. a4 h6
34. a5 Ra8 35. Qc7 Qxh4+ 36. Kg1 Rf8 {White resigns} 0-1  aics%

[Event "Team 45 45 League T31"]
[Site "Internet Chess Club"]
[Date "2006.07.23"]
[Round "5"]
[White "MPknight"]
[Black "qs16"]
[Result "1/2-1/2"]
[WhiteElo "1643"]
[BlackElo "1771"]
[TimeControl "2700+45"]

1. d4 Nf6 2. Nf3 e6 3. c4 b6 4. g3 Bb7 5. Bg2 Be7 6. O-O O-O 7. Nc3 d5 8. cxd5
Nxd5 9. Nxd5 Bxd5 10. Ne5 Bxg2 11. Kxg2 Qd5+ 12. Nf3 Nd7 13. Kg1 Rad8 14. Be3 c5
15. dxc5 Nxc5 16. Qxd5 Rxd5 17. Bxc5 Bxc5 18. Rfd1 Rfd8 19. Rxd5 Rxd5 20. Rc1 g6
21. Kf1 a5 22. e3 h6 23. Ke2 Kg7 24. Rd1 Rxd1 25. Kxd1 Kf6 26. Kd2 Kf5 27. h3
Ke4 28. Ke2 g5 29. b3 b5 30. Nd2+ Kd5 31. g4 f5 32. f3 Ke5 33. a4 bxa4 34. bxa4
Bb4 35. Nc4+ Kd5 36. Kd3 fxg4 37. e4+ Kc6 38. hxg4 Kc7 39. Kd4 Kd8 40. Ne5 Ke8
41. Nc6 Be1 42. Kc5 Kd7 43. Kb5 Kd6 44. Nxa5 Ke5 45. Nc6+ Kf4 46. Nd4 e5 47. Nc6
Kxf3 48. Nxe5+ Kxe4 49. Nf7 h5 50. Nxg5+ Kf4 51. gxh5 Kxg5 52. a5 Bxa5 53. Kxa5
Kxh5 {Game drawn because neither player has mating material} 1/2-1/2  aics%

[Event "Team 45 45 League T31"]
[Site "Internet Chess Club"]
[Date "2006.07.24"]
[Round "5"]
[White "GadsHill"]
[Black "charles-allen"]
[Result "1/2-1/2"]
[WhiteElo "1535"]
[BlackElo "1616"]
[TimeControl "2700+45"]

1. d4 d5 2. c4 e6 3. Nc3 c5 4. cxd5 exd5 5. Nf3 Nc6 6. g3 Nf6 7. Bg2 Be7 8. O-O
O-O 9. Bg5 cxd4 10. Nxd4 h6 11. Be3 Re8 12. Rc1 Bb4 13. a3 Ba5 14. Nb3 Be6 15.
Nxa5 Nxa5 16. Nb5 Nc6 17. Nd4 Nxd4 18. Bxd4 Ne4 19. Bxe4 dxe4 20. e3 b6 21. Qc2
Bg4 22. Qc7 Qg5 23. Qf4 Qxf4 24. exf4 Rac8 25. Be3 f6 26. Rxc8 Rxc8 27. Rc1
Rxc1+ 28. Bxc1 Kf7 29. Kf1 Ke6 30. Ke1 Kd5 31. Be3 Kc4 32. Kd2 Kb3 33. Bd4 Bf3
34. Bc3 Kc4 {Game drawn by mutual agreement} 1/2-1/2  aics%

[Event "Team 45 45 League T31"]
[Site "Internet Chess Club"]
[Date "2006.07.23"]
[Round "5"]
[White "john-beebs"]
[Black "Aziraphale"]
[Result "0-1"]
[WhiteElo "1544"]
[BlackElo "1471"]
[TimeControl "2700+45"]

1. e4 e5 2. Nf3 Nc6 3. Nc3 Nf6 4. Bb5 a6 5. Bxc6 dxc6 6. O-O Bd6 7. d3 O-O 8.
Ne2 Bg4 9. Ng3 h6 10. h3 Bxf3 11. Qxf3 Re8 12. Nf5 Re6 13. Bxh6 gxh6 14. Qg3+
Kf8 15. Qg7+ Ke8 16. Nxh6 Qe7 17. Nf5 Qf8 18. Qg3 Kd7 19. Ng7 Re7 20. Qg5 Ne8
21. Qf5+ Kd8 22. Ne6+ Rxe6 23. Rfe1 Rf6 24. Qg5 Qh6 25. Qg8 Ke7 26. Re3 Rg6
{White resigns} 0-1  aics%

[Event "Team 45 45 League T31"]
[Site "Internet Chess Club"]
[Date "2006.07.21"]
[Round "5"]
[White "rgadoury"]
[Black "BraafPaard"]
[Result "1/2-1/2"]
[WhiteElo "1344"]
[BlackElo "1511"]
[TimeControl "2700+45"]

1. e4 e5 2. Nf3 Nc6 3. Nc3 Nf6 4. d3 Bb4 5. a3 Bxc3+ 6. bxc3 h6 7. Be2 O-O 8.
O-O d5 9. exd5 Nxd5 10. Bd2 Re8 11. c4 Nf6 12. Bc3 Bf5 13. Nd2 Qd6 14. Re1 a5
15. f3 Nd4 16. Bxd4 Qxd4+ 17. Kh1 b6 18. Ne4 Bxe4 19. fxe4 Rad8 20. a4 Qc3 21.
Qc1 Qd4 22. Rb1 Rd6 23. Rf1 Rc6 24. c3 Qd6 25. Rb5 Rc5 26. h3 Rxb5 27. cxb5 c5
28. Rd1 Qe6 29. c4 Rd8 30. Qe3 Qd6 31. g4 Qd4 32. Qxd4 Rxd4 33. Kg2 g5 34. Kg3
Kg7 35. Rf1 Ne8 36. h4 f6 37. h5 Nc7 38. Kf3 Ne6 39. Rd1 Rd7 40. Ke3 Nd4 41. Rd2
Nb3 42. Rb2 Nd4 43. Rd2 {Game drawn by mutual agreement} 1/2-1/2  aics%

[Event "Team 45 45 League T31"]
[Site "Internet Chess Club"]
[Date "2006.07.23"]
[Round "5"]
[White "Knight77"]
[Black "fredd"]
[Result "1-0"]
[WhiteElo "1796"]
[BlackElo "1592"]
[TimeControl "2700+45"]

1. Nf3 Nf6 2. g3 g6 3. Bg2 Bg7 4. O-O d5 5. d3 c6 6. Nbd2 O-O 7. e4 Nbd7 8. e5
Ng4 9. d4 c5 10. c3 e6 11. h3 Nh6 12. Re1 b5 13. Nf1 a5 14. Bf4 b4 15. Qd2 Ba6
16. Bxh6 {Black resigns} 1-0  aics%

[Event "Team 45 45 League T31"]
[Site "Internet Chess Club"]
[Date "2006.07.24"]
[Round "5"]
[White "jazzpiano"]
[Black "tammany"]
[Result "0-1"]
[WhiteElo "1680"]
[BlackElo "1569"]
[TimeControl "2700+45"]

1. e4 c5 2. d4 cxd4 3. c3 dxc3 4. Nxc3 Nc6 5. Nf3 e6 6. Bc4 d6 7. O-O Be7 8. Qe2
a6 9. Rd1 Bd7 10. a3 b5 11. Ba2 Rc8 12. Bf4 Na5 13. Bxd6 Bxd6 14. Rxd6 Rc6 15.
Rad1 Rxd6 16. Rxd6 Nc6 17. e5 Nge7 18. Qd3 Nf5 19. Rxd7 Qxd7 20. Qe4 O-O 21. Bb1
g6 22. g4 Nfd4 23. Nxd4 Nxd4 24. h4 Rc8 25. h5 Nb3 26. h6 Qd4 27. Qf3 Qxe5 28.
Qb7 Qc5 29. Qxa6 Nd2 30. Bc2 Nf3+ 31. Kg2 Ne1+ 32. Kf1 Nxc2 33. Qb7 Qc4+ 34. Kg2
Qc6+ 35. Qxc6 Rxc6 36. Nxb5 f5 37. gxf5 gxf5 38. a4 e5 39. Kf3 Rxh6 40. a5 Nd4+
41. Nxd4 exd4 42. b4 Ra6 43. Ke2 h5 44. Kd3 h4 45. Kxd4 h3 46. Kc5 h2 47. b5
Rxa5 {White resigns} 0-1  aics%

[Event "Team 45 45 League T31"]
[Site "Internet Chess Club"]
[Date "2006.07.21"]
[Round "5"]
[White "dougmo"]
[Black "BrerRabbit"]
[Result "0-1"]
[WhiteElo "1522"]
[BlackElo "1638"]
[TimeControl "2700+45"]

1. e4 c5 2. Nc3 Nc6 3. f4 g6 4. Nf3 Bg7 5. Bb5 Nd4 6. Nxd4 cxd4 7. Ne2 Qb6 8.
Bd3 d5 9. Ng3 dxe4 10. Nxe4 Nf6 11. Nxf6+ Qxf6 12. Bb5+ Bd7 13. Bxd7+ Kxd7 14.
Qf3 Qe6+ 15. Kf2 Qc6 16. Qxc6+ Kxc6 17. Re1 e6 18. c4 dxc3 19. dxc3 Rhd8 20. Be3
a6 21. Rad1 Bf6 22. Ke2 b5 23. Rxd8 Rxd8 24. Rd1 Rxd1 25. Kxd1 Kd5 26. Kc2 Ke4
27. Bc1 e5 28. fxe5 Bxe5 29. h3 Bf4 30. Bxf4 Kxf4 31. Kd3 Kg3 32. a4 f5 33. axb5
axb5 34. b4 f4 35. c4 bxc4+ 36. Kxc4 Kxg2 37. b5 f3 38. b6 f2 39. Kc5 f1=Q 40.
Kc6 Qb1 41. b7 Kxh3 42. Kc7 g5 {White resigns} 0-1  aics%

[Event "Team 45 45 League T31"]
[Site "Internet Chess Club"]
[Date "2006.07.22"]
[Round "5"]
[White "jharris8000"]
[Black "Two-DogMan"]
[Result "0-1"]
[WhiteElo "1408"]
[BlackElo "1527"]
[TimeControl "2700+45"]

1. d4 d5 2. c4 e6 3. Nf3 Nf6 4. Bg5 Be7 5. Nc3 O-O 6. e3 b6 7. Qc2 Bb7 8. Be2
Nbd7 9. cxd5 exd5 10. Rc1 Rc8 11. O-O c5 12. Rfe1 a6 13. Nh4 Ne4 14. Bxe7 Qxe7
15. Nxe4 dxe4 16. Nf5 Qf6 17. Bg4 cxd4 18. Qa4 Nc5 19. Qxd4 Qxd4 20. Nxd4 Nd3
21. Rxc8 Bxc8 22. Bxc8 Nxe1 23. Bf5 Nd3 24. b3 Nc5 25. Kf1 a5 26. Ke2 g6 27. Bg4
h5 28. Bh3 f5 29. g3 Kf7 30. Kd2 Kf6 31. Bf1 g5 32. Be2 g4 33. Kc3 Nd3 34. Bxd3
exd3 35. Kxd3 Rc8 36. Ne2 b5 37. Nf4 Kg5 38. Nd5 Rc1 39. Nc3 Rh1 40. Nxb5 Rxh2
41. Ke2 Rh1 42. Nc3 h4 43. Nd5 h3 {White resigns} 0-1  aics%

[Event "Team 45 45 League T31"]
[Site "Internet Chess Club"]
[Date "2006.07.19"]
[Round "5"]
[White "twinders"]
[Black "Club-17"]
[Result "0-1"]
[WhiteElo "1673"]
[BlackElo "1780"]
[TimeControl "2700+45"]

1. d4 d5 2. c4 e6 3. Nc3 Nf6 4. Nf3 c6 5. Bg5 dxc4 6. e4 b5 7. e5 h6 8. Bxf6
gxf6 9. exf6 Qxf6 10. a4 a6 11. axb5 cxb5 12. Nxb5 Bb4+ 13. Nd2 axb5 14. Rxa8
Qf4 15. Be2 Bb7 16. Rxb8+ Qxb8 17. O-O Rg8 18. Nf3 Bd6 19. g3 Bd5 20. Qa1 Qa8
21. Qxa8+ Bxa8 22. Ra1 Bd5 23. Ra5 b4 24. Ne5 c3 25. bxc3 bxc3 26. Bb5+ Kf8 27.
Ra7 Bxe5 28. dxe5 Kg7 29. Rc7 Rb8 30. Bd3 Rb3 31. Bc4 Rb1+ 32. Bf1 Rc1 33. f4
Be4 34. Kf2 c2 35. Bh3 Rb1 36. Bxe6 Rb7 37. Rxc2 Bxc2 38. Bg4 Rb2 39. Ke3 Ba4
40. h3 Rg2 41. Kd4 Rxg3 42. f5 f6 43. e6 Bc2 44. Kc5 Bxf5 45. Bxf5 Rg5 46. Kd6
Rxf5 47. Ke7 Re5 48. Kd7 f5 49. e7 f4 50. e8=N+ Rxe8 51. Kxe8 f3 52. h4 f2 53.
h5 f1=Q 54. Kd7 Qe2 55. Kd6 Kf6 56. Kc5 Qd3 57. Kc6 Ke6 58. Kc5 Kd7 59. Kb4 Kc6
60. Ka4 Kc5 {White resigns} 0-1  aics%

[Event "Team 45 45 League T31"]
[Site "Internet Chess Club"]
[Date "2006.07.20"]
[Round "5"]
[White "Smart"]
[Black "Aquaman"]
[Result "1-0"]
[WhiteElo "1673"]
[BlackElo "1528"]
[TimeControl "2700+45"]

1. Nf3 d5 2. d3 Nf6 3. g3 c6 4. Bg2 Bf5 5. Nbd2 Nbd7 6. O-O e6 7. Re1 Be7 8. e4
dxe4 9. dxe4 Nxe4 10. Nxe4 Bxe4 11. Rxe4 Nf6 12. Re1 Qc8 13. c3 h6 14. Qc2 O-O
15. Be3 c5 16. Ne5 Bd6 17. Nc4 Be7 18. Rad1 Ne8 19. Bf4 f6 20. Nd6 Nxd6 21. Bxd6
Bxd6 22. Rxd6 e5 23. Red1 Rb8 24. Rd7 a6 25. Qg6 {Black resigns} 1-0  aics%

[Event "Team 45 45 League T31"]
[Site "Internet Chess Club"]
[Date "2006.07.24"]
[Round "5"]
[White "SargentBono"]
[Black "Creecher"]
[Result "1-0"]
[WhiteElo "1591"]
[BlackElo "1398"]
[TimeControl "2700+45"]

1. e4 c5 2. Nf3 d6 3. Bb5+ Bd7 4. Bxd7+ Nxd7 5. c4 Ngf6 6. Nc3 e5 7. O-O Nb6 8.
d3 Be7 9. Nd5 Nfxd5 10. exd5 O-O 11. Re1 Re8 12. b3 Nd7 13. Rb1 a6 14. Rb2 b5
15. Rbe2 Qc7 16. Ng5 h6 17. Ne4 Nf6 18. Bd2 b4 19. Re3 a5 20. Rg3 Kh8 21. Qf3 a4
22. Bxh6 gxh6 23. Nxf6 Rg8 24. Qh5 {Black resigns} 1-0  aics%

[Event "Team 45 45 League T31"]
[Site "Internet Chess Club"]
[Date "2006.07.22"]
[Round "5"]
[White "fibin"]
[Black "PawnSensei"]
[Result "0-1"]
[WhiteElo "1423"]
[BlackElo "1463"]
[TimeControl "2700+45"]

1. e4 e5 2. Nf3 Nc6 3. d3 Nf6 4. g3 d5 5. exd5 Nxd5 6. Bg2 Bc5 7. O-O O-O 8.
Nbd2 Bg4 9. Ne4 Bb6 10. Qe1 Qd7 11. Be3 Nxe3 12. fxe3 f5 13. Nf2 f4 14. exf4
exf4 15. Qe4 fxg3 16. hxg3 Rae8 17. Qc4+ Kh8 18. Nh4 Re2 19. Bxc6 Qxc6 20. Qxg4
Rexf2 21. Rxf2 Rxf2 22. d4 Qf6 23. c3 c5 24. Re1 Qf8 25. Qe6 cxd4 26. Ng6+ hxg6
27. Qh3+ Kg8 28. Qe6+ Rf7 29. Rf1 dxc3+ 30. Kg2 cxb2 31. Qb3 Kh7 32. Rh1+ Kg8
33. Qxb2 Rf2+ {White resigns} 0-1  aics%

[Event "Team 45 45 League T31"]
[Site "Internet Chess Club"]
[Date "2006.07.22"]
[Round "5"]
[White "Mikey29a"]
[Black "gartman"]
[Result "1-0"]
[WhiteElo "1672"]
[BlackElo "1610"]
[TimeControl "2700+45"]

1. e4 c5 2. Nf3 d6 3. d4 cxd4 4. Nxd4 Nf6 5. Nc3 a6 6. Be3 e5 7. Nb3 Be6 8. f3
Nbd7 9. Qd2 b5 10. O-O-O Be7 11. Kb1 O-O 12. g4 Nb6 13. h4 b4 14. Ne2 a5 15. Ng3
a4 16. Nc1 d5 17. g5 Nfd7 18. Nf5 d4 19. Nxe7+ Qxe7 20. Bf2 b3 21. cxb3 axb3 22.
a3 Rfc8 23. Bd3 Bc4 24. h5 Nc5 25. g6 fxg6 26. hxg6 h6 27. Bh4 Qe6 28. Rdg1
Bxd3+ 29. Nxd3 Nxd3 30. Qxd3 Rc2 31. Rc1 Rac8 32. Rxc2 Rxc2 33. Rc1 Rxc1+ 34.
Kxc1 Qc6+ 35. Kb1 Qxg6 36. Qxb3+ Kh7 37. Bd8 Nd7 38. a4 Qg1+ 39. Ka2 Qe3 40.
Qxe3 dxe3 41. a5 g5 42. a6 e2 43. Ba5 {Black resigns} 1-0  aics%

[Event "Team 45 45 League T31"]
[Site "Internet Chess Club"]
[Date "2006.07.22"]
[Round "5"]
[White "C-Jones"]
[Black "Ulrika"]
[Result "1/2-1/2"]
[WhiteElo "1628"]
[BlackElo "1536"]
[TimeControl "2700+45"]

1. e4 c5 2. Nf3 Nc6 3. d4 cxd4 4. Nxd4 g6 5. Nxc6 bxc6 6. Bd3 Bg7 7. O-O Nf6 8.
Nd2 d5 9. exd5 cxd5 10. Bb5+ Bd7 11. Qe2 O-O 12. Bxd7 Qxd7 13. Nf3 Ne4 14. c4 e6
15. cxd5 exd5 16. Ng5 Rfe8 17. Nxe4 Rxe4 18. Qf3 Rae8 19. Qb3 d4 20. Bd2 d3 21.
Rad1 Re2 22. Bc3 Bh6 23. Qc4 d2 24. Qh4 Bg7 25. Qb4 Bxc3 26. Qxc3 Qd5 27. a3 Qe5
28. Qc2 Rd8 29. g3 Qe4 30. Qxe4 Rxe4 31. Kg2 Rd3 32. f3 Re1 33. Kf2 Rxf1+ 34.
Kxf1 Rxf3+ 35. Ke2 Rb3 36. Rxd2 Kg7 37. Kd1 h5 38. Kc2 Rf3 39. Rd3 Rf2+ 40. Rd2
Rf3 {Game drawn by mutual agreement} 1/2-1/2  aics%

[Event "Team 45 45 League T31"]
[Site "Internet Chess Club"]
[Date "2006.07.23"]
[Round "5"]
[White "stan194803"]
[Black "Fegary"]
[Result "0-1"]
[WhiteElo "1440"]
[BlackElo "1631"]
[TimeControl "2700+45"]

1. f4 d5 2. Nf3 Nf6 3. b3 g6 4. Bb2 Bg7 5. e3 O-O 6. Be2 c5 7. O-O Nc6 8. Na3
Bf5 9. Rb1 Nb4 10. Nh4 Bd7 11. c3 Nc6 12. Nc2 Ne4 13. d3 Nxc3 14. Bxc3 Bxc3 15.
Nf3 Qa5 16. a4 Bf5 17. Ne5 Nxe5 18. fxe5 Bxe5 19. e4 dxe4 20. Bg4 Bxg4 21. Qxg4
exd3 22. Na3 Qc7 23. h3 Rad8 24. Nc4 Bg7 25. Qf3 e5 26. Rfd1 f5 27. Rxd3 e4 28.
Rxd8 exf3 29. Rxf8+ Kxf8 {White resigns} 0-1  aics%

[Event "Team 45 45 League T31"]
[Site "Internet Chess Club"]
[Date "2006.07.21"]
[Round "5"]
[White "chesskix"]
[Black "Gomer"]
[Result "1/2-1/2"]
[WhiteElo "1477"]
[BlackElo "1351"]
[TimeControl "2700+45"]

1. Nf3 d5 2. c4 d4 3. g3 c5 4. Bg2 Nf6 5. d3 Nc6 6. O-O e5 7. e4 Be7 8. h3 O-O
9. a3 Ne8 10. Bd2 f5 11. Qc1 fxe4 12. dxe4 b6 13. Nh2 Be6 14. Ng4 Nd6 15. b3 Nf7
16. f4 d3 17. Nc3 Nd4 18. Rb1 Bxg4 19. hxg4 Qd7 20. f5 Qd8 21. Be3 Bg5 22. Qd2
Nc2 23. Nd5 Nxe3 24. Nxe3 Qd4 25. Rfe1 Nd6 26. Rbd1 Nxe4 27. Bxe4 Qxe4 28. Qxd3
Bxe3+ 29. Rxe3 Qxg4 30. Qd5+ Kh8 31. Rf1 Qd4 32. Re1 h6 33. Kg2 Rae8 34. Rxe5
Qb2+ 35. Kh3 Rxe5 36. Rxe5 Qd4 37. Re7 Qxd5 38. cxd5 Rd8 39. Re5 Kg8 40. Kg4 Kf7
41. Kf4 Re8 42. Rxe8 Kxe8 43. Ke5 Kd7 44. a4 a6 45. g4 b5 46. axb5 axb5 47. d6
c4 48. bxc4 bxc4 49. Kd4 c3 50. Kxc3 Kxd6 51. Kd3 Ke5 52. g5 Kxf5 53. gxh6 gxh6
54. Ke3 Kg4 55. Kf2 h5 56. Kg2 h4 57. Kh2 h3 58. Kg1 Kg3 59. Kh1 {Game drawn by
mutual agreement} 1/2-1/2  aics%

[Event "Team 45 45 League T31"]
[Site "Internet Chess Club"]
[Date "2006.07.23"]
[Round "5"]
[White "Hazy"]
[Black "VictorRed"]
[Result "1/2-1/2"]
[WhiteElo "1891"]
[BlackElo "1807"]
[TimeControl "2700+45"]

1. e4 c5 2. Nf3 Nc6 3. d4 cxd4 4. Nxd4 e5 5. Nb3 Nf6 6. Bd3 Be7 7. Nc3 O-O 8.
Be3 Bb4 9. O-O Bxc3 10. bxc3 d5 11. Bc5 Re8 12. f3 b6 13. Ba3 d4 14. Qe1 a5 15.
cxd4 Nxd4 16. Nxd4 Qxd4+ 17. Qf2 Qxf2+ 18. Rxf2 Ba6 19. Rb1 Bxd3 20. cxd3 Rab8
21. Rfb2 Re6 22. Rb5 Nd7 23. Kf2 Rc6 24. Rd5 Rc2+ 25. Ke3 Rxa2 26. Bb2 Nf6 27.
Bxe5 Nxd5+ 28. exd5 Re8 29. Kf4 Rxg2 30. d6 f6 31. Bd4 Rxh2 32. Bxb6 g5+ 33. Kg3
Ree2 34. Rg1 Rd2 35. d7 Rxd3 36. d8=Q+ Rxd8 37. Bxd8 Ra2 38. Bxf6 h6 39. Rb1 Kf7
40. Rb6 Re2 41. Bc3 Re6 42. Bxa5 Rxb6 43. Bxb6 Kg6 44. Kg4 h5+ 45. Kg3 Kf5 46.
Be3 Kg6 47. Bd2 Kf5 48. Bc1 Kg6 49. Kf2 Kf5 50. Bd2 g4 51. f4 h4 52. Ke3 h3 53.
Kf2 h2 54. Kg2 g3 55. Be1 {Game drawn by mutual agreement} 1/2-1/2  aics%

[Event "Team 45 45 League T31"]
[Site "Internet Chess Club"]
[Date "2006.07.21"]
[Round "5"]
[White "vjanand"]
[Black "jazzyjoe"]
[Result "0-1"]
[WhiteElo "1759"]
[BlackElo "1778"]
[TimeControl "2700+45"]

1. e4 e5 2. Nf3 d6 3. h3 Nf6 4. Nc3 Be7 5. Bc4 O-O 6. O-O Nc6 7. d4 exd4 8. Nxd4
Nxd4 9. Qxd4 Be6 10. Be3 Bxc4 11. Qxc4 Qc8 12. Rad1 Rd8 13. Rd2 a6 14. Nd5 Nxd5
15. exd5 Bf6 16. c3 Qd7 17. Re1 Rac8 18. Qd3 Re8 19. Rde2 Qa4 20. b3 Qe4 21. Qd2
Qf5 22. c4 Re7 23. Bd4 Rxe2 24. Qxe2 Kf8 25. Bxf6 Qxf6 26. Qg4 Qd8 27. a4 a5 28.
Re3 b6 29. Qe4 Kg8 30. Qf5 Qf8 31. Qd7 Qd8 32. Qg4 Qf8 33. Qe4 Qd8 34. Qf5 Qf8
35. Re7 g6 36. Qe4 h6 37. Qe1 Qg7 38. Re8+ Rxe8 39. Qxe8+ Kh7 40. Qe7 Qa1+ 41.
Kh2 Qe5+ 42. Qxe5 dxe5 43. Kg3 f5 44. Kf3 g5 45. Ke3 Kg6 46. g3 Kf6 47. f4 h5
48. h4 g4 49. Kf2 exf4 50. gxf4 Ke7 {White resigns} 0-1  aics%

[Event "Team 45 45 League T31"]
[Site "Internet Chess Club"]
[Date "2006.07.23"]
[Round "5"]
[White "Changuito-77"]
[Black "chiiwen"]
[Result "0-1"]
[WhiteElo "1614"]
[BlackElo "1721"]
[TimeControl "2700+45"]

1. d4 Nf6 2. Nf3 d5 3. e3 Bg4 4. Bd3 e6 5. O-O Bd6 6. Nbd2 O-O 7. c4 c6 8. Qc2
Nbd7 9. b3 Rc8 10. Bb2 Qe7 11. Rfe1 e5 12. dxe5 Nxe5 13. Nxe5 Bxe5 14. Rac1 Rfe8
15. Nf1 Bxb2 16. Qxb2 dxc4 17. bxc4 Rcd8 18. Qb1 Bh5 19. Ng3 Bg6 20. e4 b6 21.
f4 Qc5+ 22. Kh1 Ng4 23. Rf1 f6 24. Rf3 Nf2+ 25. Kg1 Nxd3+ {White resigns} 0-1 
aics%

[Event "Team 45 45 League T31"]
[Site "Internet Chess Club"]
[Date "2006.07.24"]
[Round "5"]
[White "HoHo"]
[Black "mykidsdad"]
[Result "1-0"]
[WhiteElo "1691"]
[BlackElo "1668"]
[TimeControl "2700+45"]

1. d4 Nf6 2. c4 g6 3. Nc3 Bg7 4. e4 d6 5. Bf4 O-O 6. Nf3 Bg4 7. Be2 Nbd7 8. O-O
c5 9. d5 Nb6 10. Nd2 Bxe2 11. Qxe2 Nh5 12. Be3 Nd7 13. f4 f5 14. e5 dxe5 15.
fxe5 f4 16. Bf2 Nxe5 17. Bxc5 Qc7 18. Bd4 f3 19. gxf3 Rf4 20. Nb5 Qb8 21. Rae1
Rf5 22. Qe3 a6 23. Nc3 Nf4 24. Nce4 Bh6 25. Bxe5 Rxe5 26. Qc3 Rh5 27. Ng3 Bg7
28. Qe3 Rg5 29. Qxe7 Nh3+ 30. Kg2 Nf4+ 31. Kg1 Nh3+ 32. Kg2 Nf4+ 33. Kh1 Re5 34.
Rxe5 Bxe5 35. Nde4 Bxb2 36. Rb1 Bg7 37. Rxb7 Qe5 38. Qxe5 Bxe5 39. c5 Nxd5 40.
Ng5 h6 41. N5e4 Rd8 42. Kg2 Nf4+ 43. Kf2 Rd1 44. Ne2 Nd3+ 45. Ke3 Nxc5 46. Nxc5
Ra1 47. f4 Bd6 48. Ne4 Bf8 49. Rb2 a5 50. N2c3 Bb4 51. Rb1 Bxc3 52. Nxc3 Rxb1
53. Nxb1 Kf7 54. Nc3 Ke6 55. Ke4 Kd6 56. h4 Ke6 57. a4 Kd6 58. f5 g5 59. hxg5
hxg5 60. f6 Ke6 61. Nd5 g4 62. Kf4 g3 63. Kxg3 Kf7 64. Kf4 Kg6 65. Ke5 Kf7 66.
Kf5 Ke8 67. Ke6 Kf8 68. f7 Kg7 69. Ke7 Kg6 70. f8=Q Kh5 71. Qg7 Kh4 72. Qg2 Kh5
73. Kf6 Kh6 74. Qg6# {Black checkmated} 1-0  aics%

[Event "Team 45 45 League T31"]
[Site "Internet Chess Club"]
[Date "2006.07.19"]
[Round "5"]
[White "VentasD"]
[Black "MindRide"]
[Result "1-0"]
[WhiteElo "2169"]
[BlackElo "1800"]
[TimeControl "2700+45"]

1. e4 e5 2. Nf3 Nc6 3. Bb5 a6 4. Ba4 Nf6 5. O-O Be7 6. Re1 b5 7. Bb3 d6 8. c3
O-O 9. h3 Na5 10. Bc2 c5 11. d4 Nd7 12. Nbd2 exd4 13. cxd4 Nc6 14. Nb3 c4 15.
Nbd2 Bf6 16. Nf1 Re8 17. Ng3 Nf8 18. Nh5 Ng6 19. Nxf6+ gxf6 20. d5 Nb4 21. Bb1
Ne5 22. Nxe5 fxe5 23. a3 Nd3 24. Bxd3 cxd3 25. Qxd3 Qh4 26. Re3 Kh8 27. Rg3 Rg8
28. Bd2 Bd7 29. Rc1 Rxg3 30. fxg3 Qd8 31. Qf3 Qe7 32. Rc7 a5 33. Rxd7 Qxd7 34.
Qf6+ Kg8 35. Bh6 {Black resigns} 1-0  aics%

[Event "Team 45 45 League T31"]
[Site "Internet Chess Club"]
[Date "2006.07.24"]
[Round "5"]
[White "parrot9"]
[Black "mitus"]
[Result "0-1"]
[WhiteElo "1670"]
[BlackElo "1837"]
[TimeControl "2700+45"]

1. e4 e5 2. Nf3 Nc6 3. Bb5 a6 4. Ba4 Nf6 5. O-O Nxe4 6. d4 b5 7. Bb3 d5 8. dxe5
Be6 9. Be3 Na5 10. h3 Nxb3 11. axb3 c5 12. c3 Be7 13. Nbd2 O-O 14. Nxe4 dxe4 15.
Nd2 Qd5 16. Bf4 f6 17. exf6 Rxf6 18. Be3 Rg6 19. Kh1 Bxh3 20. gxh3 Qf5 21. Kh2
Bd6+ 22. f4 exf3+ {White resigns} 0-1  aics%

[Event "Team 45 45 League T31"]
[Site "Internet Chess Club"]
[Date "2006.07.20"]
[Round "5"]
[White "LittleBunny"]
[Black "siddhu"]
[Result "0-1"]
[WhiteElo "1311"]
[BlackElo "1779"]
[TimeControl "2700+45"]

1. e4 e5 2. Nf3 Nc6 3. Bb5 Nf6 4. Nc3 d6 5. h3 Bd7 6. O-O a6 7. Bc4 Be7 8. Ng5
O-O 9. d3 h6 10. Nf3 Be6 11. Bxe6 fxe6 12. Nh4 Nd7 13. Ng6 Rf6 14. Qg4 Qe8 15.
Nxe7+ Qxe7 16. Be3 Qf7 17. Rae1 Qg6 18. Qh4 Nd4 19. Bxd4 exd4 20. Ne2 e5 21. f4
Raf8 22. Rf3 Qf7 23. Ref1 Qxa2 24. fxe5 Rxf3 25. Rxf3 Rxf3 26. gxf3 Nxe5 27.
Nxd4 Qxb2 28. Qd8+ Kh7 29. Qxc7 Qxd4+ 30. Kg2 Qe3 31. Kg3 Qxf3+ 32. Kh4 Ng6#
{White checkmated} 0-1  aics%

[Event "Team 45 45 League T31"]
[Site "Internet Chess Club"]
[Date "2006.07.24"]
[Round "5"]
[White "clarnibass"]
[Black "Garath"]
[Result "1-0"]
[WhiteElo "1754"]
[BlackElo "1164"]
[TimeControl "2700+45"]

1. e4 e5 2. Nf3 Nc6 3. Bb5 a6 4. Ba4 Nf6 5. O-O Be7 6. Re1 b5 7. Bb3 d6 8. c3
Na5 9. Bc2 c5 10. d4 Qc7 11. Nbd2 O-O 12. h3 Nb7 13. a4 Bd7 14. Nf1 h6 15. Ng3
Nd8 16. d5 Qc8 17. axb5 axb5 18. Rxa8 Qxa8 19. Nh4 Nh7 20. Nhf5 Bxf5 21. Nxf5
Qa7 22. Bxh6 gxh6 23. Qg4+ Bg5 24. h4 h5 25. Qg3 Kh8 26. hxg5 Rg8 27. Nxd6 Qe7
28. Nf5 Qxg5 29. Qxg5 Rxg5 30. Ra1 Nf6 31. Ra8 Rg8 32. Nh6 Nb7 33. Nxg8 Nxg8 34.
Rb8 Nd6 35. Rb6 Nc4 36. Rxb5 Nf6 37. Bd3 Nd6 38. Rxc5 Nfxe4 39. Bxe4 Nxe4 40.
Rc8+ Kg7 41. b4 Nd6 42. Rc6 Nb5 43. c4 Nd4 44. b5 Nxc6 45. dxc6 Kf8 46. c7
{Black resigns} 1-0  aics%

[Event "Team 45 45 League T31"]
[Site "Internet Chess Club"]
[Date "2006.07.20"]
[Round "5"]
[White "SkinnyPuppy"]
[Black "Allessia"]
[Result "1-0"]
[WhiteElo "2172"]
[BlackElo "2146"]
[TimeControl "2700+45"]

1. e4 c5 2. Nc3 Nc6 3. Bb5 Nd4 4. Bc4 g6 5. Nf3 Bg7 6. d3 d6 7. Nxd4 cxd4 8. Ne2
e6 9. Bd2 Ne7 10. c3 Nc6 11. Bb5 dxc3 12. Bxc3 O-O 13. Rc1 Bd7 14. O-O Rc8 15.
Bxg7 Kxg7 16. Qd2 Qf6 17. d4 d5 18. e5 Qe7 19. Bxc6 Rxc6 20. Rc3 Rfc8 21. Rh3 h5
22. Nc3 Rc4 23. g4 h4 24. f4 f5 25. gxf5 gxf5 26. Qg2+ Kf7 27. Qf2 Rg8+ 28. Kh1
Rg7 29. Rg1 Rxg1+ 30. Kxg1 Ke8 31. Rxh4 Kd8 32. Rh8+ Kc7 33. Rg8 Qb4 34. a3 Qb6
35. Rg7 a6 36. h4 Qxd4 37. Qxd4 Rxd4 38. h5 Rxf4 39. h6 Rh4 40. h7 d4 41. Nd5+
exd5 42. e6 d3 43. Rxd7+ Kc6 44. Kf2 d2 45. Ke2 Rh2+ 46. Kd1 f4 47. Rf7 {Black
resigns} 1-0  aics%

[Event "Team 45 45 League T31"]
[Site "Internet Chess Club"]
[Date "2006.07.24"]
[Round "5"]
[White "adingod"]
[Black "PvsNP"]
[Result "1-0"]
[WhiteElo "1989"]
[BlackElo "1888"]
[TimeControl "2700+45"]

1. d4 Nf6 2. Nc3 d5 3. Bg5 c6 4. e3 g6 5. f4 Bg7 6. Bd3 e6 7. Nf3 Nbd7 8. O-O
O-O 9. Ne5 Qc7 10. Qf3 a6 11. Ne2 c5 12. c3 b5 13. Qh3 c4 14. Bc2 Ne4 15. Bxe4
dxe4 16. Bh6 Nf6 17. Bxg7 Kxg7 18. g4 h5 19. gxh5 Rh8 20. Ng3 Bb7 21. f5 exf5
22. Nxf5+ gxf5 23. Qxf5 Qe7 24. Qg5+ Kf8 25. Rxf6 Rxh5 26. Qxh5 Qxf6 27. Nd7+
{Black resigns} 1-0  aics%

[Event "Team 45 45 League T31"]
[Site "Internet Chess Club"]
[Date "2006.07.23"]
[Round "5"]
[White "Chief-Justice"]
[Black "Squaredance"]
[Result "1-0"]
[WhiteElo "1913"]
[BlackElo "1909"]
[TimeControl "2700+45"]

1. e4 d5 2. exd5 Qxd5 3. d4 c6 4. Nf3 Nf6 5. c4 Qa5+ 6. Bd2 Qc7 7. Nc3 Bf5 8.
Be2 e6 9. O-O Bd6 10. Re1 O-O 11. Rc1 Ne4 12. Be3 Nxc3 13. bxc3 Ba3 14. Rc2 Bxc2
15. Qxc2 Bd6 16. Bd3 g6 17. h4 Bf4 18. h5 Kg7 19. Ne5 Bxe5 20. dxe5 Qe7 21. Qd2
Kg8 22. Bg5 Qd7 23. Bf6 {Black resigns} 1-0  aics%